 Dungeon Crawl Stone Soup version 0.28.0-53-g5a82cb258f (webtiles) character file.

Game seed: 10320735798279777987

490 TwoTone the Shield-Bearer (level 7, -2/60 HPs)
             Began as a Gnoll Fighter on May 24, 2022.
             Slain by an iguana (6 damage)
             ... on level 4 of the Dungeon.
             The game lasted 00:08:59 (3917 turns).

TwoTone the Shield-Bearer (Gnoll Fighter)           Turns: 3917, Time: 00:08:59

Health: -2/60      AC:  7    Str: 15    XL:     7   Next: 14%
Magic:  10/10      EV:  9    Int:  9    God:
Gold:   123        SH:  5    Dex: 12    Spells: 10/10 levels left

rFire   . . .      SeeInvis .   p - +2 mace (vorpal)
rCold   . . .      Faith    .   c - +0 buckler
rNeg    . . .      Spirit   .   b - +0 scale mail
rPois   .          Reflect  .   (no helmet)
rElec   .          Harm     .   (no cloak)
rCorr   +          Rampage  .   (no gloves)
Will    .....                   (no boots)
Stlth   +.........              (no amulet)
HPRegen 0.20/turn               h - ring of resist corrosion
MPRegen 0.12/turn               (no ring)

@: mighty
A: fangs 1, strong nose, distributed training
a: no special abilities


You were on level 4 of the Dungeon.
You visited 1 branch of the dungeon, and saw 4 of its levels.

You collected 123 gold pieces.

Inventory:

Hand Weapons
 a - a +0 long sword
 p - a +2 vorpal mace (weapon)
Missiles
 u - 4 poisoned darts (quivered)
Armour
 b - a +0 scale mail (worn)
 c - a +0 buckler (worn)
Jewellery
 h - a ring of resist corrosion (left hand)
Scrolls
 f - a scroll of teleportation {unknown}
 g - a scroll of magic mapping {unknown}
 i - a scroll of noise {unknown}
 j - a scroll of identify {unknown}
 l - 2 scrolls of holy word {unknown}
 o - 2 scrolls of vulnerability {unknown}
 t - a scroll of immolation {unknown}
Potions
 d - a potion of haste {unknown}
 e - a potion of ambrosia {unknown}
 m - a potion of magic {unknown}
 n - a potion of degeneration {unknown}
 q - a potion of mutation {unknown}
 r - a potion of berserk rage {unknown}
 s - a potion of experience {unknown}


   Skills:
 + Level 7.0 Fighting
 + Level 2.3 Short Blades
 + Level 5.1 Long Blades
 + Level 2.3 Axes
 + Level 2.3 Maces & Flails
 + Level 2.3 Polearms
 + Level 2.3 Staves
 + Level 2.3 Slings
 + Level 2.3 Bows
 + Level 2.3 Crossbows
 + Level 2.3 Throwing
 + Level 7.0 Armour
 + Level 2.3 Dodging
 + Level 2.3 Stealth
 + Level 7.0 Shields
 + Level 2.3 Unarmed Combat
 + Level 2.3 Spellcasting
 + Level 1.8 Conjurations
 + Level 1.8 Hexes
 + Level 1.8 Summonings
 + Level 1.8 Necromancy
 + Level 1.8 Translocations
 + Level 1.8 Transmutations
 + Level 1.8 Fire Magic
 + Level 1.8 Ice Magic
 + Level 1.8 Air Magic
 + Level 1.8 Earth Magic
 + Level 1.8 Poison Magic
 + Level 2.5 Invocations
 + Level 2.3 Evocations


You had 10 spell levels left.
You didn't know any spells.
Your spell library contained the following spells:

 Spells                   Type           Power      Damage    Failure   Level
 Ensorcelled Hibernation  Hex/Ice        8%         N/A       67%         2
 Dazzling Flash           Conj/Hex       8%         N/A       88%         3
 Spider Form              Tmut/Pois      4%         N/A       88%         3
 Anguish                  Hex/Necr       2%         N/A       99%         4
 Agony                    Necr           4%         N/A       100%        5
 Silence                  Hex/Air        2%         N/A       100%        5


Dungeon Overview and Level Annotations

Branches:
Dungeon (4/15)
 Temple: D:4-7

Altars:

Shops:
D:1 [


Innate Abilities, Weirdness & Mutations

You have very sharp teeth.
Your uncanny sense of smell can sniff out nearby items.
Your experience applies equally to all skills.


Message History

You barely miss the black bear.
The black bear is heavily wounded.
The iguana hisses angrily.
The black bear bites you! The black bear claws you.
You block the black bear's attack.
You hit the black bear.
The black bear is severely wounded.
The black bear bites you! The black bear claws you.
You block the black bear's attack.
You hit the black bear.
The black bear is almost dead.
The black bear barely misses you.
The black bear claws you but does no damage.
The black bear barely misses you.
The black bear goes berserk!
You barely miss the black bear.
The black bear is severely wounded.
You block the black bear's attack. The black bear claws you. x2
The black bear bites you! The black bear barely misses you.
The black bear claws you but does no damage.
The iguana closely misses you. The iguana bites you.
The black bear closely misses you. x2; You block the black bear's attack.
The black bear looks more healthy.
You block the black bear's attack. The black bear claws you.
The black bear barely misses you.
The black bear rages.
The black bear bites you!
* * * LOW HITPOINT WARNING * * *
The black bear claws you.
* * * LOW HITPOINT WARNING * * *
You block the black bear's attack.
You feel very mighty all of a sudden.
The black bear bites you but does no damage.
The black bear claws you but does no damage.
The black bear claws you.
* * * LOW HITPOINT WARNING * * *
You thump the black bear!
You kill the black bear!
The iguana bites you.
You die...

####..#####.####..........#
###.######.# #..........#
#........#)####.........##
...##..........).......<..#
........<..#..##..........#
..........##.####.........#
.##.#.....#..# #..........#
....####.#..####....>.....#
..##.....>..##.l@#...<....#
.##..###.......####.......#
....####....#### ##.......#
............# ##.......##
............# ##.>.......#
#..#..##....# ##..........#
#.##..##..(.###...........#
#.##.###....#......#.....##
#.#### #.......#...##...##


You could see an iguana.

Vanquished Creatures
  A black bear (D:4)
  A phantom (D:4)
  A bullfrog (D:4)
  A scorpion (D:4)
  3 orc priests
  Jessica (D:2)
  An iguana (D:4)
  2 orc wizards (D:4)
  3 adders
  A shadow imp (D:4)
  A worm (D:3)
  A dart slug (D:1)
  5 orcs
  5 ball pythons
  7 endoplasms
  3 giant cockroaches
  5 goblins
  5 hobgoblins
  2 jackals (D:3)
  4 quokkas
  4 bats
  4 frilled lizards
  4 kobolds
  5 rats
70 creatures vanquished.

Notes
Turn   | Place    | Note
-------+----------+-------------------------------------------
     0 | D:1      | TwoTone the Gnoll Fighter began the quest for the Orb.
     0 | D:1      | Reached XP level 1. HP: 23/23 MP: 1/1
    91 | D:1      | Reached XP level 2. HP: 23/29 MP: 2/2
   332 | D:1      | Found Xudaubel's Armour Emporium.
   503 | D:1      | Reached XP level 3. HP: 33/35 MP: 3/3
   539 | D:1      | You fall into a shaft and drop 1 floor!
   747 | D:2      | Reached skill level 1 in Invocations
   754 | D:2      | Noticed Jessica
   765 | D:2      | HP: 1/35 [Jessica/+0 club (4)]
   766 | D:2      | Killed Jessica
   767 | D:2      | Reached skill level 1 in Short Blades
   767 | D:2      | Reached skill level 1 in Axes
   767 | D:2      | Reached skill level 1 in Maces & Flails
   767 | D:2      | Reached skill level 1 in Polearms
   767 | D:2      | Reached skill level 1 in Staves
   767 | D:2      | Reached skill level 1 in Slings
   767 | D:2      | Reached skill level 1 in Bows
   767 | D:2      | Reached skill level 1 in Crossbows
   767 | D:2      | Reached skill level 1 in Throwing
   767 | D:2      | Reached skill level 1 in Dodging
   767 | D:2      | Reached skill level 1 in Stealth
   767 | D:2      | Reached skill level 1 in Unarmed Combat
   767 | D:2      | Reached skill level 1 in Spellcasting
   767 | D:2      | Reached skill level 1 in Evocations
   767 | D:2      | Reached XP level 4. HP: 2/41 MP: 5/5
  1181 | D:2      | Found a faded altar of an unknown god.
  1940 | D:3      | Reached skill level 1 in Conjurations
  1940 | D:3      | Reached skill level 1 in Hexes
  1940 | D:3      | Reached skill level 1 in Summonings
  1940 | D:3      | Reached skill level 1 in Necromancy
  1940 | D:3      | Reached skill level 1 in Translocations
  1940 | D:3      | Reached skill level 1 in Transmutations
  1940 | D:3      | Reached skill level 1 in Fire Magic
  1940 | D:3      | Reached skill level 1 in Ice Magic
  1940 | D:3      | Reached skill level 1 in Air Magic
  1940 | D:3      | Reached skill level 1 in Earth Magic
  1940 | D:3      | Reached skill level 1 in Poison Magic
  1946 | D:3      | Reached XP level 5. HP: 30/47 MP: 6/6
  2838 | D:4      | Reached XP level 6. HP: 30/53 MP: 8/8
  3120 | D:4      | Reached skill level 5 in Long Blades
  3534 | D:4      | Reached XP level 7. HP: 19/59 MP: 10/10
  3917 | D:4      | Slain by an iguana

Illustrated notes

Levels and vault maps discovered:
D:1:      amcnicky_arrival_choice, layout_loops_cross, serial_shops, shop
D:2:      layout_loops_ring, dreamdust_ecumenical_altar_statues, uniq_jessica
D:3:      layout_loops_ring
D:4:      layout_rooms, minmay_temple_entry_enclosed_plants

Skill      XL: |  1  2  3  4  5  6  7 |
---------------+----------------------+-----
Invocations    | 1 2 |  2.5
Short Blades   | 1 2 |  2.3
Axes           | 1 2 |  2.3
Maces & Flails | 1 2 |  2.3
Polearms       | 1 2 |  2.3
Staves         | 1 2 |  2.3
Slings         | 1 2 |  2.3
Bows           | 1 2 |  2.3
Crossbows      | 1 2 |  2.3
Throwing       | 1 2 |  2.3
Dodging        | 1 2 |  2.3
Stealth        | 1 2 |  2.3
Unarmed Combat | 1 2 |  2.3
Spellcasting   | 1 2 |  2.3
Evocations     | 1 2 |  2.3
Conjurations   | 1 |  1.8
Hexes          | 1 |  1.8
Summonings     | 1 |  1.8
Necromancy     | 1 |  1.8
Translocations | 1 |  1.8
Transmutations | 1 |  1.8
Fire Magic     | 1 |  1.8
Ice Magic      | 1 |  1.8
Air Magic      | 1 |  1.8
Earth Magic    | 1 |  1.8
Poison Magic   | 1 |  1.8
Long Blades    | 5 |  5.1
Fighting       | 7 |  7.0
Armour         | 7 |  7.0
Shields        | 7 |  7.0

Action                   |  1- 3 |  4- 6 |  7- 9 || total
-------------------------+-------+-------+-------++-------
Melee: Long sword        |    67 |    75 |       ||   142
       Bite              |     7 |    18 |       ||    25
       Mace              |       |    81 |    13 ||    94
Throw: Dart              |       |       |     3 ||     3
  Use: Potion            |     1 |       |     1 ||     2
Armor: Scale mail        |    31 |    53 |     8 ||    92
Dodge: Dodged            |    27 |    53 |    12 ||    92
Block: Buckler           |    23 |    35 |    10 ||    68
